 Dungeon Crawl Stone Soup version 0.31.0-32-g396128a36d (webtiles) character file.

Game seed: 9507313908726125540

51 chippings the Apothecary (level 3, -8/26 HPs)
             Began as a Draconian Alchemist on Mar 29, 2024.
             Killed from afar by an electric eel (12 damage)
             ... with a bolt of electricity
             ... on level 3 of the Dungeon.
             The game lasted 00:03:36 (1593 turns).

chippings the Apothecary (Draconian Alchemist)      Turns: 1593, Time: 00:03:37

Health: -8/26      AC:  5    Str: 10    XL:     3   Next: 57%
Magic:  6/6        EV: 12    Int: 17    God:
Gold:   147        SH:  0    Dex: 11    Spells: 4/7 levels left

rFire   . . .        b - +1 short sword (venom)
rCold   . . .        (no shield)
rNeg    . . .        (body armour unavailable)
rPois   .            (helmet restricted)
rElec   .            (no cloak)
rCorr   .            (no gloves)
SInv    .            (no boots)
Will    .....        (no amulet)
Stlth   ++           (no ring)
HPRegen 0.24/turn    (no ring)
MPRegen 0.10/turn

%: no passive effects
@: no status effects
A: AC +5, unfitting armour, cold-blooded
a: no special abilities


You were on level 3 of the Dungeon.
You visited 1 branch of the dungeon, and saw 3 of its levels.

You collected 147 gold pieces.

Inventory:

Hand Weapons
 b - a +1 short sword of venom (weapon)
 c - a +4 short sword
Talismans
 f - a blade talisman
Wands
 n - a wand of flame (25)
Scrolls
 e - 2 scrolls of revelation {unknown}
 h - 2 scrolls of identify {unknown}
 j - a scroll of enchant weapon {unknown}
 l - a scroll of silence {unknown}
 m - a scroll of teleportation {unknown}
Potions
 a - a potion of magic
 d - 2 potions of degeneration {unknown}
 g - a potion of cancellation {unknown}
 i - a potion of heal wounds {unknown}
 k - a potion of curing {unknown}


   Skills:
 - Level 1.7 Dodging
 - Level 1.7 Stealth
 + Level 2.5 Spellcasting
 - Level 2.0 Conjurations
 + Level 1.0 Air Magic
 + Level 3.5 Alchemy


You had 4 spell levels left.
You knew the following spells:

 Your Spells              Type           Power      Damage    Failure   Level
a - Sting                 Conj/Alch      44%        1d5       6%          1
b - Mercury Vapours       Alch/Air       18%        N/A       11%         2

Your spell library contained the following spells:

 Spells                   Type           Power      Damage    Failure   Level
 Mephitic Cloud           Conj/Alch/Air  9%         N/A       22%         3
 Lesser Beckoning         Tloc           4%         N/A       28%         2
 Olgreb's Toxic Radiance  Alch           14%        N/A       38%         4
 Gell's Gravitas          Tloc           2%         N/A       50%         3
 Teleport Other           Tloc           2%         N/A       50%         3
 Sticky Flame             Fire/Alch      8%         2d4       65%         4


Dungeon Overview and Level Annotations

Branches:
Dungeon (3/15)

Altars:

Shops:
D:1 (   D:2 =

Annotations:
D:3 1 transporter


Innate Abilities, Weirdness & Mutations

Your plain brown scales are hard. (AC +5)
You cannot fit into any form of body armour.
You are cold-blooded and may be slowed by cold attacks.


Message History

You now have 135 gold pieces (gained 12).
The withered plant crumbles away.
Found a scroll labelled DOYJOE OMOATH.
Found a transporter.
k - a purple potion
h - 2 scrolls labelled DOYJOE OMOATH (gained 1)
l - a scroll labelled QUNTEJ JAUMOSU
Found a scroll labelled IKAVETR FOENGUY.
m - a scroll labelled IKAVETR FOENGUY
Found a wand of flame (26).
Found 12 gold pieces.
Found an escape hatch in the floor.
Found a scroll labelled QUIXUO IRUINIMOU.
Found a transporter.
You now have 147 gold pieces (gained 12).
A ball python zombie comes into view.
There is a transporter here.
You enter the transporter and appear at another place.
n - a wand of flame (26)
You open the door.
Aiming: Throw Flame
Press: ? - help, Shift-Dir - straight line, f - you
Okay, then.
The electric eel shoots out a bolt of lightning at you!
The bolt of electricity misses you. x2; The bolt of electricity hits the plant!
The plant begins to die.
The electric eel shoots out a bolt of lightning at you!
The bolt of electricity misses you. The bolt of electricity hits you!
The bolt of electricity hits the plant!
The plant begins to die.
There is an open door here.
Aiming: Throw Flame
Press: ? - help, Shift-Dir - straight line, f - electric eel
Aim: an electric eel (48% to hit)
The puff of flame hits the electric eel!
The electric eel is moderately wounded.
The electric eel shoots out a bolt of lightning at you!
The bolt of electricity hits you!
* * * LOW HITPOINT WARNING * * *
The bolt of electricity hits you!
You die...

.##. ............... .. ...
............... ... #..
.............. ...###..
............##..........
############.##.........<
P#~~~~~~S#P8#.##..........
..#.......#..#..##....###..
©?+...⌠...@.©#Z............
..#.......#..#........#....
8P#~~~~~~S#P8#.............
##############.............
................#.......##P
#.....................###
#.>......#.###.##..###.###
#..###.###................
#. ###.###.###.##..###.#..


You could see 2 electric eels and a ball python zombie.

Vanquished Creatures
  A gnoll (D:1)
  8 bats
  An endoplasm (D:1)
  A giant cockroach (D:1)
  3 goblins
  7 hobgoblins
  3 quokkas
  3 ball pythons
  5 frilled lizards
  6 kobolds
  4 rats
42 creatures vanquished.

Notes
Turn   | Place    | Note
-------+----------+-------------------------------------------
     0 | D:1      | chippings the Draconian Alchemist began the quest for the
                  | Orb.
     0 | D:1      | Reached XP level 1. HP: 14/14 MP: 3/3
   149 | D:1      | Found Dobyz's Weapon Emporium.
   206 | D:1      | Reached XP level 2. HP: 20/20 MP: 3/5
   289 | D:1      | Learned a level 2 spell: Mercury Vapours
   643 | D:1      | Reached XP level 3. HP: 23/26 MP: 4/6
  1211 | D:2      | Found Betwa's Jewellery Shop.
  1327 | D:2      | Reached skill level 1 in Air Magic
  1531 | D:3      | Found a transporter.
  1576 | D:3      | Found a transporter.
  1593 | D:3      | Killed from afar by an electric eel

Illustrated notes

Levels and vault maps discovered:
D:1:      psy_arrival_statuary, layout_basic, serial_shops,
          nicolae_shop_bloodbath_and_beyond
D:2:      layout_rooms, serial_shops, nicolae_shop_waterfront,
          kennysheep_generic_room_16
D:3:      gammafunk_steamed_eel, layout_basic, serial_undead, serial_undead_f,
          serial_undead_b, serial_undead_a, serial_undead_b, serial_undead_b,
          serial_undead_b, chequers_serial_rivers_small_3, uniq_ijyb

Skill      XL: |  1  2  3 |
---------------+----------+-----
Air Magic      | 1 |  1.0
Conjurations   | 2 |  2.0
Dodging        | |  1.7
Stealth        | |  1.7
Spellcasting   | |  2.5
Alchemy        | |  3.5

Action                     || total
---------------------------++-------
  Melee: Unarmed           ||     8
         Short sword       ||    93
         Tailslap          ||     7
   Cast: Sting             ||    12
  Evoke: Wand              ||     1
 Armour: Skin              ||    64
  Dodge: Dodged            ||    62
